 Dungeon Crawl Stone Soup version 0.21.1-1-g345015fe64 (webtiles) character file.

153 FreshCat the Ruffian (level 5, -5/46 HPs)
             Began as a Ghoul Monk on Apr 18, 2018.
             Slain by a hornet (15 damage)
             ... on level 4 of the Dungeon.
             The game lasted 00:10:58 (1916 turns).

FreshCat the Ruffian (Ghoul Monk)                   Turns: 1916, Time: 00:10:59

Health: -5/46      AC:  4    Str: 16    XL:     5   Next: 35%
Magic:  4/4        EV: 13    Int:  5    God:
Gold:   114        SH:  0    Dex: 14    Spells: 4/4 levels left

rFire    . . .     SeeInvis .     - Unarmed
rCold    + . .     Gourm    .   (no shield)
rNeg     + + +     Faith    .   a - +1 robe
rPois    ∞         Spirit   .   (no helmet)
rElec    .         Reflect  .   (no cloak)
rCorr    .         Harm     .   (no gloves)
MR       .....                  c - +0 pair of boots
Stlth    ++........             (no amulet)
HPRegen  0.00/turn              g - +3 ring of dexterity
MPRegen  0.09/turn              (no ring)

@: rotting
A: rotting body, claws 1, carnivore, cold resistance 1, negative energy
resistance 3, inhibited regeneration, torment resistance, unbreathing
a: no special abilities


You were on level 4 of the Dungeon.
You were not hungry.

You visited 1 branch of the dungeon, and saw 4 of its levels.

You collected 114 gold pieces.

Inventory:

Missiles
 e - 94 stones (quivered)
 m - 2 throwing nets
Armour
 a - a +1 robe (worn)
 c - a +0 pair of boots (worn)
Jewellery
 g - a +3 ring of dexterity (left claw)
Scrolls
 k - 2 scrolls of teleportation
Potions
 d - 2 potions of curing
 f - a potion of magic {unknown}
 l - 2 potions of flight {unknown}
Comestibles
 b - 4 rations


   Skills:
 + Level 3.8 Fighting
 + Level 3.3 Dodging
 * Level 3.6 Stealth
 + Level 4.9 Unarmed Combat


You had 4 spell levels left.
You didn't know any spells.

Dungeon Overview and Level Annotations

Branches:
Dungeon (4/15)
 Temple: D:4-7

Altars:


Innate Abilities, Weirdness & Mutations

Your body is rotting away.
You thrive on raw meat.
You are immune to poison.
You have sharp fingernails.
You are carnivorous and can eat meat at any time.
Your flesh is cold resistant. (rC+)
You are immune to negative energy. (rN+++)
You do not regenerate when monsters are visible.
You are immune to unholy pain and torment.
You can survive without breathing.


Message History

The hornet is lightly wounded.
The hornet closely misses you.
You scratch the hornet.
The hornet is moderately wounded.
The hornet barely misses you. The hornet closely misses you.
You miss the hornet.
The hornet is moderately wounded.
The hornet barely misses you.
You closely miss the hornet.
The hornet is moderately wounded.
The hornet closely misses you.
You scratch the hornet.
The hornet is moderately wounded.
The hornet stings you but does no damage.
The hornet stings you!
* * * LOW HITPOINT WARNING * * *
You scratch the hornet.
The hornet is heavily wounded.
The hornet stings you!
You die...

#.# #.# # #.#
##.# #.. .....
#.#########
......#.#<.......
.......).........
....###..########
........)@y......
......##'##....>
# ...#.. ... #..
.# ##........#
..# #.##.#...#
...# ... ⌠..#+.#
..# .. #. . ..
#.## # .. .. ...#


You could see a hornet.

Vanquished Creatures
  A worker ant (D:4)
  5 adders (D:2)
  An ooze (D:2)
  3 worms (D:2)
  2 dart slugs (D:2)
  2 orcs (D:4)
  2 giant cockroaches
  3 goblins
  12 hobgoblins
  6 jackals
  2 quokkas (D:2)
  A ball python (D:3)
  10 bats
  6 frilled lizards (D:2)
  4 kobolds
  8 rats
68 creatures vanquished.

Notes
Turn   | Place    | Note
-------+----------+-------------------------------------------
     0 | D:1      | FreshCat the Ghoul Monk began the quest for the Orb.
     0 | D:1      | Reached XP level 1. HP: 19/19 MP: 0/0
    34 | D:1      | Reached XP level 2. HP: 8/26 MP: 1/1
   828 | D:2      | Reached XP level 3. HP: 29/33 MP: 2/2
  1028 | D:2      | Reached skill level 4 in Unarmed Combat
  1198 | D:2      | Reached XP level 4. HP: 39/40 MP: 3/3
  1601 | D:2      | Reached XP level 5. HP: 27/46 MP: 4/4
  1905 | D:4      | Noticed a hornet
  1916 | D:4      | Slain by a hornet

Skill      XL: |  1  2  3  4 |
---------------+-------------+-----
Dodging        | 3 |  3.3
Unarmed Combat | 4 |  4.9
Stealth        | 3 |  3.6
Fighting       | |  3.8

Action                   |  1- 3 |  4- 6 || total
-------------------------+-------+-------++-------
Melee: Unarmed           |   124 |   105 ||   229
       Punch             |     2 |     1 ||     3
  Use: Scroll            |     5 |     3 ||     8
 Stab: Sleeping          |     4 |     8 ||    12
  Eat: Chunk             |    29 |    15 ||    44
       Ration            |       |     1 ||     1
Armor: Robe              |    10 |    15 ||    25
Dodge: Dodged            |    88 |    70 ||   158
